 Dungeon Crawl Stone Soup version 0.18.1-50-g88ac8fd (webtiles) character file.

55 lorenzova the Charmwright (level 3, -6/27 HPs)
             Began as a Merfolk Skald on Oct 18, 2016.
             Mangled by Crazy Yiuf
             ... wielding a +4 quarterstaff of chaos
              (7 damage)
             ... on level 2 of the Dungeon.
             The game lasted 00:02:14 (1636 turns).

lorenzova the Charmwright (Merfolk Skald)           Turns: 1636, Time: 00:02:14

Health: -6/27      AC:  5    Str: 13    XL:     3   Next: 93%
Magic:  3/7        EV: 10    Int: 11    God:
Gold:   95         SH:  0    Dex: 13    Spells: 2 memorised, 5 levels left

rFire  . . .     SeeInvis .     a - +0 spear
rCold  . . .     Gourm    .     m - +0 ring mail
rNeg   . . .     Faith    .     (no shield)
rPois  .         Spirit   .     (no helmet)
rElec  .         Dismiss  .     (no cloak)
rCorr  .         Reflect  .     (no gloves)
SustAt .         Harm     .     (no boots)
MR     .....                    (no amulet)
Stlth  +.........               (no ring)
                                (no ring)

@: infused, drained, not resistant to hostile enchantments, very unstealthy
A: change form in water, swift swim
a: no special abilities


You were on level 2 of the Dungeon.
You were hungry.

You visited 1 branch of the dungeon, and saw 2 of its levels.

You collected 95 gold pieces.

Inventory:

Hand Weapons
 a - a +0 spear (weapon)
Armour
 b - a +0 leather armour
 m - a +0 ring mail (worn)
Scrolls
 e - 4 scrolls of remove curse {unknown}
 j - a scroll of fear {unknown}
 n - a scroll of magic mapping {unknown}
Potions
 f - a potion of might {unknown}
 g - a potion of agility {unknown}
 h - a potion of curing {unknown}
 l - a potion of brilliance {unknown}
 o - a potion of mutation {unknown}
Books
 c - a book of Battle

   Spells                             Type                      Level
   a - Infusion                       Charms                       1
   b - Shroud of Golubria             Charms/Translocation         2
   c - Song of Slaying                Charms                       2
   d - Spectral Weapon                Hexes/Charms                 3
   e - Regeneration                   Charms/Necromancy            3
Comestibles
 d - 2 bread rations
 i - a meat ration
 k - a beef jerky
 p - a slice of pizza


   Skills:
 - Level 2.1(1.9) Fighting
 - Level 3.0(2.7) Polearms
 - Level 0.6(0.3) Armour
 - Level 1.3(1.0) Dodging
 + Level 3.0(2.7) Spellcasting
 + Level 4.3(4.0) Charms


You had 5 spell levels left.
You knew the following spells:

 Your Spells              Type           Power        Failure   Level  Hunger
a - Infusion              Chrm           ##..         12%         1    ##.....
b - Song of Slaying       Chrm           ##......     17%         2    ###....


Dungeon Overview and Level Annotations

Branches:
Dungeon (2/15)

Altars:
Ashenzari

Annotations:
D:2 Crazy Yiuf, Terence


Message History

You barely miss Crazy Yiuf.
Crazy Yiuf is moderately wounded.
Crazy Yiuf laughs, "Blight!"
Crazy Yiuf hits you with a quarterstaff of chaos.
* * * LOW HITPOINT WARNING * * *
You are too injured to fight recklessly!
You are too injured to fight recklessly!
You hit Crazy Yiuf.
Crazy Yiuf is heavily wounded.
Crazy Yiuf hits you but does no damage.
You hit Crazy Yiuf!
Crazy Yiuf is severely wounded.
Crazy Yiuf hits you with a quarterstaff of chaos.
* * * LOW HITPOINT WARNING * * *
You barely miss Crazy Yiuf.
Crazy Yiuf is severely wounded.
You hit Crazy Yiuf.
Crazy Yiuf is almost dead.
Crazy Yiuf hits you with a quarterstaff of chaos!
You die...

....####+#.####.......#.##.#.##
....##.....# #....####.#
.....).....# #....# #.#
######(....# ♣PP.P♣ #.#
.....).....# ♣...♣♣ #.#########
#.........## ♣♣.♣♣ #...)......
#.........# ♣.♣♣ #.#########
#......#### ♣♣.♣ #<# #......#
♣@♣ ### #......# ♣♣g♣ #......#
'# ### .. †.# ..# ..# .)# ..#
### ###


You could see Crazy Yiuf.

Vanquished Creatures
  An adder (D:2)
  A worm (D:2)
  3 dart slugs
  A giant gecko (D:2)
  2 giant cockroaches
  6 hobgoblins
  2 quokkas (D:2)
  2 ball pythons (D:1)
  3 bats
  4 giant newts
  4 goblins
  A kobold (D:2)
  10 rats
40 creatures vanquished.

Vanquished Creatures (others)
  An adder (D:2)
1 creature vanquished.

Grand Total: 41 creatures vanquished

Notes
Turn   | Place    | Note
--------------------------------------------------------------
     0 | D:1      | lorenzova the Merfolk Skald began the quest for the Orb.
     0 | D:1      | Reached XP level 1. HP: 16/16 MP: 3/3
    70 | D:1      | Reached XP level 2. HP: 21/22 MP: 5/5
    74 | D:1      | Learned a level 2 spell: Song of Slaying
   550 | D:2      | Reached skill level 4 in Charms
   556 | D:2      | Reached XP level 3. HP: 27/27 MP: 6/6
  1014 | D:2      | Found a shattered altar of Ashenzari.
  1382 | D:2      | Noticed Terence
  1623 | D:2      | Noticed Crazy Yiuf
  1634 | D:2      | HP: 1/27 [Crazy Yiuf/quarterstaff of chaos (3)]
  1636 | D:2      | Mangled by Crazy Yiuf

Skill      XL: |  1  2  3 |
---------------+----------+-----
Charms         | 4 |  4.3
Spellcasting   | 3 |  3.0
Fighting       | |  2.1
Polearms       | |  3.0
Armour         | |  0.6
Dodging        | |  1.3

Action                   || total
-------------------------++-------
Melee: Spear             ||   175
 Cast: Infusion          ||     4
 Stab: Distracted        ||     1
  Eat: Chunk             ||     2
Armor: Leather armour    ||    23
       Ring mail         ||     9
Dodge: Dodged            ||    51
